 Dungeon Crawl Stone Soup version 0.17.1-3-g152610e (webtiles) character file.

96 kaze the Sneak (level 4, -1/27 HPs)
             Began as a Kobold Assassin on Mar 26, 2016.
             Slain by a hobgoblin
             ... wielding a +0 club
              (3 damage)
             ... on level 2 of the Dungeon.
             The game lasted 00:04:31 (1162 turns).

kaze the Sneak (Kobold Assassin)                    Turns: 1162, Time: 00:04:32

Health: -1/27      AC:  6    Str:  9    XL:     4   Next: 98%
Magic:  4/4        EV: 15    Int:  9    God:
Gold:   91         SH:  0    Dex: 18    Spells: 0 memorised, 3 levels left

rFire  + . .     SeeInvis .     a - +2 dagger
rCold  + . .     Clarity  .     h - +0 leather armour
rNeg   . . .     SustAt   .     (shield restricted)
rPois  +         Gourm    .     u - +1 hat
rElec  +         Spirit   .     d - +0 cloak
rCorr  +         Warding  .     (no gloves)
rMut   .         Stasis   .     t - +0 pair of boots (curse)
MR     .....                    (no amulet)
Stlth  ++++......               (no ring)
                                (no ring)

@: lethally poisoned (-1 -> -2), resistant, not resistant to hostile
enchantments, stealthy
A: carnivore 3
a: no special abilities


You were on level 2 of the Dungeon.
You were full.

You visited 1 branch of the dungeon, and saw 2 of its levels.

You collected 91 gold pieces.

Inventory:

Hand Weapons
 a - a +2 dagger (weapon)
 b - a +0 blowgun
Missiles
 e - 3 poisoned needles
 f - 2 curare-tipped needles
 o - 17 arrows of frost
 r - 20 arrows
Armour
 d - a +0 cloak (worn)
 h - a +0 leather armour (worn)
 t - a cursed +0 pair of boots (worn)
 u - a +1 hat (worn)
Scrolls
 i - a scroll of identify {unknown}
 k - a scroll of immolation {unknown}
 q - 3 scrolls of random uselessness {unknown}
 s - a scroll of remove curse {unknown}
 v - a scroll of teleportation {unknown}
Potions
 l - a potion of magic {unknown}
 p - a potion of ambrosia {unknown}
Comestibles
 c - a beef jerky
 g - a meat ration
 n - 2 fruits


   Skills:
 + Level 2.7 Fighting
 + Level 3.1 Short Blades
 + Level 2.7 Throwing
 + Level 0.7 Armour
 + Level 2.4 Dodging
 + Level 6.4 Stealth


You had 3 spell levels left.
You didn't know any spells.

Dungeon Overview and Level Annotations

Branches:
Dungeon (2/15)

Altars:


Innate Abilities, Weirdness & Mutations

You are small and have problems with some larger weapons.
You are carnivorous and can eat meat at any time.


Message History

You feel sick.
Drink which item? (? for menu, Esc to quit)
It was a potion of resistance.
You feel protected. The hobgoblin misses you.
You barely miss the hobgoblin.
You feel sick. The hobgoblin hits you with a club.
* * * LOW HITPOINT WARNING * * *
You hit the hobgoblin.
The hobgoblin is lightly wounded.
The hobgoblin closely misses you.
You hit the hobgoblin.
The hobgoblin is moderately wounded.
You closely miss the hobgoblin.
The hobgoblin is moderately wounded.
The hobgoblin barely misses you.
You hit the hobgoblin but do no damage.
The hobgoblin is moderately wounded.
You feel sick. The hobgoblin hits you with a club.
You die...

>........# #...##..######....#
...... .. ..... ..........####
....## #..# ###........## ....
... ...........### ...#### ##
######.##.... #.... #.######
##.).# #..<...#
###..#.######################.#
....((†...>..gg@................
......####...l################..
....## ####..#### ### ...
##....### # .. ####.>.### # .
###...####### # ###.......####
#######..... ######


You could see 2 hobgoblins and a giant newt.

Vanquished Creatures
  Natasha (D:2)
  4 adders (D:2)
  An ooze (D:1)
  7 bats
  2 goblins (D:2)
  3 hobgoblins
  A ball python (D:1)
  A giant gecko (D:2)
  3 giant newts
  7 kobolds
  6 rats
36 creatures vanquished.

Notes
Turn   | Place    | Note
--------------------------------------------------------------
     0 | D:1      | kaze the Kobold Assassin began the quest for the Orb.
     0 | D:1      | Reached XP level 1. HP: 12/12 MP: 1/1
   125 | D:1      | Reached XP level 2. HP: 15/18 MP: 2/2
   304 | D:1      | Reached skill level 6 in Stealth
   388 | D:1      | Reached XP level 3. HP: 18/22 MP: 3/3
   951 | D:2      | Reached XP level 4. HP: 24/27 MP: 4/4
  1032 | D:2      | Noticed Natasha
  1044 | D:2      | Killed Natasha
  1162 | D:2      | Slain by a hobgoblin

Action                   |  1- 3 |  4- 6 || total
-------------------------+-------+-------++-------
Melee: Dagger            |    86 |    47 ||   133
 Fire: Blowgun           |    15 |     5 ||    20
Throw: Tomahawk          |       |     2 ||     2
  Use: Potion            |       |     1 ||     1
 Stab: Sleeping          |     7 |     1 ||     8
  Eat: Chunk             |     4 |     2 ||     6
